 Dungeon Crawl Stone Soup version 0.31-a0-188-g5e087ee2ca (webtiles) character file.

Game seed: 1675523566014383891

23 qw the Shooter (level 2, -1/16 HPs)
             Began as a Deep Elf Hunter on June 23, 2023.
             Slain by an orc wizard
             ... wielding a +1 dagger of speed
              (3 damage)
             ... on level 2 of the Dungeon.
             The game lasted 00:00:13 (914 turns).

qw the Shooter (Deep Elf Hunter)                     Turns: 914, Time: 00:00:14

Health: -1/16      AC:  3    Str:  8    XL:     2   Next: 72%
Magic:  4/4        EV: 12    Int: 13    God:
Gold:   38         SH:  0    Dex: 18    Spells: 1/1 levels left

rFire   . . .        Y - +1 shortbow
rCold   . . .        (shield currently unavailable)
rNeg    . . .        c - +0 leather armour
rPois   .            (no helmet)
rElec   .            (no cloak)
rCorr   .            (no gloves)
SInv    .            (no boots)
Will    .....        (no amulet)
Stlth   +            (no ring)
HPRegen 0.22/turn    (no ring)
MPRegen 0.09/turn

%: no passive effects
@: confused
A: no striking features
a: no special abilities


You were on level 2 of the Dungeon.
You visited 1 branch of the dungeon, and saw 2 of its levels.

You collected 38 gold pieces.


   Skills:
 - Level 1.5 Fighting
 + Level 6.4 Ranged Weapons
 - Level 2.4 Dodging
 - Level 1.2 Stealth


You had one spell level left.
You didn't know any spells.
Your spell library was empty.

Inventory:

Hand Weapons
 Y - a +1 shortbow (weapon)
Armour
 c - a +0 leather armour (worn)
 d - a +0 ring mail
Scrolls
 b - a scroll of teleportation {unknown}
 e - a scroll of identify
Potions
 a - a potion of resistance {unknown}
 g - a potion of curing

Dungeon Overview and Level Annotations

Branches:
Dungeon (2/15)

Altars:


Message History

Enter note:
Enter note: You shoot an arrow.
The arrow completely misses the orc wizard.
The orc wizard shouts!
The orc wizard casts a spell at you. You resist with significant effort.
You shoot an arrow.
The arrow hits the orc wizard but does no damage.
You shoot an arrow. The arrow hits the orc wizard.
The orc wizard is lightly wounded.
The orc wizard gestures at you while chanting.
The magic dart hits you!
Ouch! That really hurt!
An orc comes into view. It is wielding a +0 war axe.
You shoot an arrow.
The arrow hits the orc wizard but does no damage.
The orc wizard is lightly wounded.
You shoot an arrow. The arrow hits the orc wizard.
The orc wizard is moderately wounded.
You shoot an arrow. The arrow barely misses the orc wizard.
The arrow hits the orc!
You kill the orc!
The orc wizard casts a spell.
The orc wizard flickers and vanishes!
Deactivating autopickup; reactivate with Ctrl-A.
You shoot an arrow. You shoot an arrow. Something hits you.
You shoot an arrow. Something hits you but does no damage.
You hear some strange, mumbled words.
You are confused.
You shoot an arrow. Something hits you.
You shoot an arrow. Something hits you. Something hits you but does no damage.
You shoot an arrow. Something hits you.
You die...

#.####...####.#
##.## #.# #.###
#...# ###.# #.#
#># #@#
#......#
.........
##.....)##
##...#)#
##.##.# #. #)#
#. #.#


There were no monsters in sight!

Vanquished Creatures
  3 orcs (D:2)
  2 bats (D:1)
  4 goblins (D:1)
  2 jackals (D:1)
  A quokka (D:1)
  A ball python (D:1)
  2 frilled lizards
  A kobold (D:2)
  2 rats (D:1)
18 creatures vanquished.

Notes
Turn   | Place    | Note
-------+----------+-------------------------------------------
     0 | D:1      | qw the Deep Elf Hunter began the quest for the Orb.
     0 | D:1      | Reached XP level 1. HP: 12/12 MP: 3/3
     0 | D:1      | 0 ||| qw: Version: 0.3-a-9-g12657ce
     0 | D:1      | 0 ||| qw: Game counter: 4362
     0 | D:1      | 0 ||| qw: Always use a shield: true
     0 | D:1      | 0 ||| qw: God list: Okawaru
     0 | D:1      | 0 ||| qw: Allow faded altars: false
     0 | D:1      | 0 ||| qw: Do Orc after D:15 true
     0 | D:1      | 0 ||| qw: Do second Lair branch before Depths: true
     0 | D:1      | 0 ||| qw: Lair rune preference: random
     0 | D:1      | 0 ||| qw: Plans: Normal
     0 | D:1      | 0 ||| PLANNING D:1-11
   321 | D:1      | Reached skill level 6 in Ranged Weapons
   321 | D:1      | Reached XP level 2. HP: 16/16 MP: 4/4
   688 | D:1      | 688 ||| READING 2 scrolls labelled WOLLIH ZIPTO.
   689 | D:1      | 689 ||| READING 2 scrolls labelled RALOESO IDOXKUW.
   690 | D:1      | 690 ||| READING scroll labelled DEPREJ BUZIR.
   691 | D:1      | 691 ||| READING scroll labelled EMANAI HOTEEPH.
   692 | D:1      | 692 ||| DRINKING 2 green potions.
   693 | D:1      | 693 ||| DROPPING scroll of blinking.
   694 | D:1      | 694 ||| DROPPING scroll of butterflies.
   765 | D:2      | Found a faded altar of an unknown god.
   913 | D:2      | HP: 2/16 [something (3)]
   914 | D:2      | Slain by an orc wizard

Levels and vault maps discovered:
D:1:      dpeg_chamrin_arrival_tetris, layout_loops_ring
D:2:      layout_loops_ring, shapermc_ecumenical_altar_starsandcircs,
          kennysheep_generic_room_10

Skill      XL: |  1 |
---------------+----+-----
Ranged Weapons | 6 |  6.4
Fighting       | |  1.5
Dodging        | |  2.4
Stealth        | |  1.2

Action                     || total
---------------------------++-------
   Fire: Shortbow          ||    39
    Use: Scroll            ||     4
         Potion            ||     1
 Armour: Leather armour    ||     3
  Dodge: Dodged            ||     1

Table legend:
 A = Non-vault XP
 B = Vault XP
 C = Vault XP percentage of total XP
 D = Non-vault monster count
 E = Vault monster count
 F = Vault count percentage of total count
                 A         B        C        D         E       F
            +---------+---------+-------+---------+---------+-------
      Total |      33 |       0 |   0.0 |      18 |       0 |   0.0
            +---------+---------+-------+---------+---------+-------
        D:1 |      22 |       0 |   0.0 |      13 |       0 |   0.0
        D:2 |      11 |       0 |   0.0 |       5 |       0 |   0.0
            +---------+---------+-------+---------+---------+-------
